 Dungeon Crawl Stone Soup version 0.28-a0-1429-gf3d713df7a (webtiles) character file.

Game seed: 9777861960657331583

12646 croobank the Cleaver (level 11, -2/79 (80) HPs)
             Began as a Demonspawn Abyssal Knight on Jan 8, 2022.
             Was a High Priest of Lugonu.
             Killed by divine providence
             ... invoked by an orc priest
              (7 damage)
             ... on level 1 of the Orcish Mines on Jan 9, 2022.
             The game lasted 01:24:24 (16294 turns).

croobank the Cleaver (Demonspawn Abyssal Knight)   Turns: 16294, Time: 01:24:25

HP:   -2/79 (80)    AC: 16    Str: 15    XL:     11   Next: 65%
MP:   16/16         EV:  8    Int: 15    God:    Lugonu [*****.]
Gold: 951           SH:  6    Dex: 15    Spells: 9/10 levels left

rFire   + . .      SeeInvis +   C - +0 war axe (vamp)
rCold   . . .      Faith    +   (no shield)
rNeg    . . .      Spirit   .   G - +0 chain mail
rPois   .          Reflect  .   l - +2 helmet
rElec   .          Harm     .   (no cloak)
rCorr   .          Rampage  .   (gloves unavailable)
Will    +....                   E - +2 pair of boots
Stlth   ..........              w - amulet of Free Will {Faith rF+ Dex+2}
HPRegen 0.23/turn               D - ring of see invisible
MPRegen 0.15/turn               x - ring of willpower

@: on berserk cooldown, slowed, lightly drained, very slow
A: large bone plates 2, icemail 1, condensation shield, demonic magic 1, demonic
touch 3
a: Renounce Religion, Depart the Abyss, Bend Space, Banish, Corrupt, Enter the
Abyss


You were on level 1 of the Orcish Mines.
You worshipped Lugonu.
Lugonu was extremely pleased with you.
You visited 3 branches of the dungeon, and saw 14 of its levels.
You visited the Abyss 1 time.

You collected 1301 gold pieces.
You spent 350 gold pieces at shops.

Inventory:

Hand Weapons
 a - a +1 hand axe
 b - a +0 shortbow
 f - a +2 dagger of venom
 i - a +0 dagger of venom
 B - a +0 flail
 C - a +0 vampiric war axe (weapon)
 I - a +2 dagger of speed
 J - a +0 hunting sling
 M - a +2 antimagic whip
 T - a +6 battleaxe
Missiles
 e - 332 stones
 g - 131 arrows
 o - 7 boomerangs
 s - 81 poisoned darts
 y - 19 bolts
 A - 31 sling bullets
 F - 8 atropa-tipped darts (quivered)
 V - a throwing net
Armour
 l - a +2 helmet (worn)
 E - a +2 pair of boots (worn)
 G - a +0 chain mail (worn)
 L - a +0 troll leather armour
 Y - a +0 plate armour
Jewellery
 k - a ring of poison resistance
 u - a ring of wizardry
 w - the amulet of Free Will (around neck) {Faith rF+ Dex+2}
   (You found it on level 3 of the Dungeon)

   [amulet of faith]

   It allows you to gain divine favour quickly.
   Dex:       It affects your dexterity (+2).
   rF:        It protects you from fire.
 x - a ring of willpower (right hand)
 D - a ring of see invisible (left hand)
 K - an amulet of faith
 U - a ring of protection from cold
 W - a ring of ice
Wands
 t - a wand of flame (25)
 v - a wand of acid (24)
 Q - a wand of polymorph (12)
 R - a wand of charming (13)
 X - a wand of mindburst (3)
Scrolls
 c - 5 scrolls of teleportation
 m - a scroll of fog
 z - a scroll of brand weapon
Potions
 d - 2 potions of lignification {unknown}
 h - 4 potions of curing
 j - a potion of resistance {unknown}
 r - a potion of invisibility
 H - 2 potions of mutation {unknown}
 P - 2 potions of attraction {unknown}
 S - a potion of flight {unknown}
 Z - a potion of heal wounds
Miscellaneous
 q - a box of beasts


   Skills:
 - Level 5.6 Fighting
 + Level 14.8 Axes
 - Level 4.6 Armour
 - Level 4.3 Dodging
 - Level 6.7 Invocations


You had 9 spell levels left.
You knew the following spells:

 Your Spells              Type           Power      Damage    Failure   Level
a - Slow                  Hex            0%         N/A       99%         1

Your spell library contained the following spells:

 Spells                   Type           Power      Damage    Failure   Level
 Magic Dart               Conj           0%         1d3       99%         1
 Call Imp                 Summ           0%         N/A       100%        2
 Passwall                 Tmut/Erth      0%         N/A       100%        2
 Searing Ray              Conj           0%         2d4       100%        2
 Confusing Touch          Hex            0%         N/A       100%        3
 Gell's Gravitas          Tloc           0%         N/A       100%        3
 Inner Flame              Hex/Fire       0%         N/A       100%        3
 Lesser Beckoning         Tloc           0%         N/A       100%        3
 Mephitic Cloud           Conj/Pois/Air  0%         N/A       100%        3
 Swiftness                Air            0%         N/A       100%        3
 Teleport Other           Tloc           0%         N/A       100%        3
 Vampiric Draining        Necr           0%         2d6       100%        3
 Cause Fear               Hex            0%         N/A       100%        4
 Fulminant Prism          Conj/Hex       0%         3d6       100%        4
 Iskenderun's Mystic Bla  Conj/Tloc      0%         2d3       100%        4
 Lee's Rapid Deconstruct  Erth           0%         3d5*      100%        5
 Discord                  Hex            0%         N/A       100%        8


Dungeon Overview and Level Annotations

Branches:
Dungeon (11/15)            Temple (0/1) D:5            Lair (1/6) D:10
    Orc (2/2) D:11            Elf (0/3) Orc:2

Altars:
Qazlal
Uskayaw

Shops:
D:9 =

Annotations:
D:7 2 runed translucent doors, ytrimaz's ghost, novice OpTm
Orc:1 Urug
Orc:2 corrupted


Innate Abilities, Weirdness & Mutations

You are mostly covered in large bone plates. (SH +6)
A meltable icy envelope protects you from harm. (AC +0)
A meltable shield of frost defends you. (SH +0)
Spells you cast may paralyse adjacent enemies.
Your touch may irresistibly damage your foes and sap their willpower.


Message History

The orc knight goes into a battle-frenzy!
You are no longer berserk.
You are exhausted.
You feel yourself slow down.
The orc knight shoots a bolt.
The bolt hits you!
You hear a shout!
As you read the scroll of teleportation, it crumbles to dust.
You feel strangely unstable.
The orc knight shoots a bolt.
The bolt hits you!
Your surroundings suddenly seem different.
There is a stone staircase leading up here.
You climb upwards.
The orc shouts!
The orc priest shouts!
The orc priest grunts noisily, as Orcs often do.
The orc throws a boomerang.
The boomerang hits you but does no damage.
An orc priest comes into view. It is wielding a +0 flail.
The orc priest invokes the aid of Beogh against you.
Beogh smites you!
The orc priest shouts!
Found 53 gold pieces.
There is a stone staircase leading down here.
The orc throws a boomerang.
You block the boomerang.
You see here 27 gold pieces.
The orc throws a boomerang.
The boomerang hits you but does no damage.
The orc priest casts a cantrip, but nothing happens.
The orc priest mumbles some strange prayers to Beogh against you.
Beogh smites you!
Urug the Orcish Ballista comes into view.
She is wielding a +6 double sword and wearing a +2 scale mail of poison resistance.
Found 16 gold pieces.
Urug shouts!
Urug throws a javelin.
The javelin pierces through you!!
* * * LOW HITPOINT WARNING * * *
The orc priest looks encouraged for a moment.
Blink to where?
Press: ? - help, Dir - move target
As you read the scroll of blinking, it crumbles to dust.
The orc priest calls down the wrath of Beogh upon you.
Beogh smites you!
You die...

##.....#...#.#
#...o#.#......
#...$>......#
##...o.....###
#$..........##
##...ยง.......#
#.........#..##
#.............#
#..........#@#
#.......#.####
##.......#.#
#..o.......#
#.$.......## ##


You could see an orc priest.

Vanquished Creatures
  An orc knight (D:11)
  An orc sorcerer (Orc:1)
  A cyclops (D:9)
  A manticore (D:11)
  3 unseen horrors
  2 kobold demonologists
  3 komodo dragons
  4 trolls
  A wraith (D:10)
  A wyvern (D:5)
  A basilisk (Lair:1)
  A fire elemental (Orc:2)
  A fire bat (D:8)
  A steam dragon (Lair:1)
  Menkaure (D:4)
  A warg (D:11)
  3 vampire mosquitoes
  3 water moccasins
  12 orc warriors
  2 black bears (D:5)
  2 ice beasts
  A sky beast (D:8)
  A swamp drake (D:11)
  2 ogres
  A necrophage (D:5)
  3 centaurs
  3 bullfrogs
  3 kobold brigands (D:10)
  Blork the orc (D:5)
  A wyvern zombie (D:7)
  A scorpion (D:5)
  3 water moccasin skeletons
  16 killer bees
  4 wights (D:8)
  8 centaur zombies
  A jelly (D:5)
  A bullfrog skeleton (D:5)
  10 orc priests
  A hound (D:7)
  2 centaur skeletons
  2 iguanas
  23 orc wizards
  4 howler monkey zombies
  4 gnolls
  8 adders
  2 shadow imps
  A white imp (D:6)
  3 ufetubi
  A worm (D:3)
  2 dart slugs (D:1)
  60 orcs
  6 bats
  6 endoplasms
  5 giant cockroaches
  5 goblins
  12 hobgoblins
  5 jackals (D:2)
  2 quokkas
  6 ball pythons
  6 frilled lizards
  9 kobolds
  11 rats
292 creatures vanquished.

Vanquished Creatures (others)
  Azrael (Orc:2)
  An orc knight (Orc:2)
  A troll (Orc:2)
  A fire elemental (Orc:2)
  2 hell hounds (Orc:2)
  5 orc warriors (Orc:2)
  2 orc priests (Orc:2)
  5 orc wizards (Orc:2)
  11 orcs
  A fungus (Lair:1)
  5 plants
  4 starspawn tentacles (Orc:2)
39 creatures vanquished.

Grand Total: 331 creatures vanquished

Notes
Turn   | Place    | Note
-------+----------+-------------------------------------------
     0 | Abyss:1  | croobank the Demonspawn Abyssal Knight began the quest for
                  | the Orb.
     0 | Abyss:1  | Reached XP level 1. HP: 18/18 MP: 2/2
    35 | Abyss:2  | Noticed a jelly
    38 | D:1      | Escaped the Abyss
   161 | D:1      | Reached skill level 1 in Dodging
   272 | D:1      | Gained mutation: Your touch may inflict minor irresistible
                  | damage on your foes. [demonic ancestry]
   272 | D:1      | Reached XP level 2. HP: 14/24 MP: 4/4
   275 | D:1      | Reached skill level 2 in Axes
   414 | D:1      | Reached * piety under Lugonu
   600 | D:1      | Reached XP level 3. HP: 29/29 MP: 5/5
  1287 | D:3      | Gained mutation: Your touch may inflict irresistible damage
                  | on your foes. [demonic ancestry]
  1287 | D:3      | Reached XP level 4. HP: 18/35 MP: 6/6
  1330 | D:3      | Reached ** piety under Lugonu
  2401 | D:3      | Found a faded altar of an unknown god.
  2628 | D:3      | Identified the amulet of Free Will {Faith rF+ Dex+2}
  2658 | D:3      | Gained mutation: You are partially covered in large bone
                  | plates. (SH +4) [demonic ancestry]
  2658 | D:3      | Reached XP level 5. HP: 36/42 MP: 7/7
  3373 | D:4      | Noticed Menkaure
  3864 | D:4      | Reached skill level 3 in Axes
  3864 | D:4      | Gained mutation: A meltable shield of frost defends you.
                  | (SH +0) [demonic ancestry]
  3864 | D:4      | Reached XP level 6. HP: 42/48 MP: 9/9
  4540 | D:4      | Killed Menkaure
  4867 | D:4      | Reached XP level 7. HP: 39/55 MP: 10/10
  5005 | D:5      | Entered Level 5 of the Dungeon
  5005 | D:5      | Noticed a wyvern
  5020 | D:5      | Killed a wyvern
  5021 | D:5      | Reached skill level 5 in Invocations
  5554 | D:5      | Reached skill level 4 in Axes
  5854 | D:4      | Reached skill level 5 in Fighting
  5854 | D:4      | Gained mutation: Your touch may irresistibly damage your
                  | foes and sap their willpower. [demonic ancestry]
  5854 | D:4      | Reached XP level 8. HP: 62/62 MP: 12/12
  6136 | D:5      | Found a stormy altar of Qazlal.
  6151 | D:5      | Reached *** piety under Lugonu
  6716 | D:5      | Noticed Blork the orc
  6723 | D:5      | Killed Blork the orc
  6792 | D:5      | Reached skill level 5 in Axes
  6931 | D:5      | Found a staircase to the Ecumenical Temple.
  7498 | D:7      | Reached skill level 6 in Axes
  7869 | D:7      | Found a large runed translucent door.
  7869 | D:7      | Found a large runed translucent door.
  7960 | D:7      | Learned a level 1 spell: Slow
  8009 | D:7      | Gained mutation: Spells you cast may paralyse adjacent
                  | enemies. [demonic ancestry]
  8009 | D:7      | Reached XP level 9. HP: 34/68 MP: 14/14
  8187 | D:7      | Found a hide-covered altar of Uskayaw.
  8477 | D:7      | Noticed ytrimaz's ghost (novice OpTm)
  8709 | D:8      | Reached **** piety under Lugonu
  8725 | D:8      | Reached skill level 7 in Axes
  9412 | D:8      | Reached skill level 8 in Axes
  9834 | D:8      | Noticed an unseen horror
  9880 | D:8      | Killed an unseen horror
  9881 | D:8      | Reached skill level 9 in Axes
 10259 | D:9      | Found Ugguezen's Jewellery Emporium.
 10269 | D:9      | Bought a ring of willpower for 350 gold pieces
 10276 | D:9      | Noticed a cyclops
 10830 | D:9      | Reached skill level 10 in Axes
 10843 | D:9      | Gained mutation: A meltable icy envelope protects you from
                  | harm. (AC +0) [demonic ancestry]
 10843 | D:9      | Reached XP level 10. HP: 27/75 MP: 15/15
 10852 | D:9      | Reached ***** piety under Lugonu
 11333 | D:9      | Killed a cyclops
 11704 | D:10     | Entered Level 10 of the Dungeon
 11842 | D:10     | Reached skill level 11 in Axes
 12295 | D:10     | Noticed a soul eater
 12370 | D:10     | Reached skill level 12 in Axes
 12664 | D:10     | Found a staircase to the Lair.
 13012 | D:10     | Reached skill level 13 in Axes
 13012 | D:10     | Gained mutation: You are mostly covered in large bone
                  | plates. (SH +6) [demonic ancestry]
 13012 | D:10     | Reached XP level 11. HP: 77/80 MP: 16/16
 13226 | Lair:1   | Entered Level 1 of the Lair of Beasts
 13265 | Lair:1   | Noticed a four-headed hydra
 14411 | D:11     | Found a staircase to the Orcish Mines.
 14656 | Orc:1    | Entered Level 1 of the Orcish Mines
 14656 | Orc:1    | Noticed an orc sorcerer
 14656 | Orc:1    | Noticed an orc knight
 14674 | D:11     | Killed an orc knight
 14675 | D:11     | Reached skill level 14 in Axes
 15187 | Orc:1    | Killed an orc sorcerer
 15478 | Orc:2    | Entered Level 2 of the Orcish Mines
 15590 | Orc:2    | Reached ****** piety under Lugonu
 15612 | Orc:2    | Found a staircase to the Elven Halls.
 15739 | Orc:2    | Noticed Azrael
 15741 | Orc:2    | Corrupted Orc:2
 15741 | Orc:2    | Noticed a tentacled starspawn
 15741 | Orc:2    | Noticed a spatial maelstrom
 15741 | Orc:2    | Noticed an Executioner
 15743 | Orc:2    | Noticed a thrashing horror
 15750 | Orc:2    | Killed Azrael
 15770 | Orc:2    | Killed an orc knight
 16268 | Orc:2    | Noticed an orc knight
 16269 | Orc:2    | Noticed an orc knight
 16271 | Orc:2    | Noticed an orc sorcerer
 16271 | Orc:2    | Noticed an orc sorcerer
 16271 | Orc:2    | Noticed an orc high priest
 16272 | Orc:2    | Noticed an orc high priest
 16272 | Orc:2    | Noticed an orc sorcerer
 16272 | Orc:2    | Noticed an orc high priest
 16293 | Orc:1    | Noticed Urug
 16294 | Orc:1    | Killed from afar by an orc priest

Illustrated notes

Levels and vault maps discovered:
D:1:      dpeg_arrival_castle, layout_rooms
D:2:      layout_rooms, nrook_loot_triangle, chequers_big_river
D:3:      layout_basic, dreamdust_ecumenical_altar_statues,
          gup_sewer_entry_glass, kennysheep_generic_room_16
D:4:      layout_basic, uniq_menkaure
D:5:      layout_loops_ring, nicolae_qazlal_scattered_showers, temple_statues,
          kennysheep_generic_room_15, uniq_blork_the_orc
D:6:      layout_cave_pools, chequers_serial_rivers_micro_e
D:7:      layout_cave_pools, mainiacjoe_overflow_small_starburst,
          ebering_ghost_disaster_area
D:8:      kennysheep_big_flooded_room, layout_loops_corners, minivault_24
D:9:      layout_long_grid, nicolae_stop_n_shop_1
D:10:     layout_cave_pools, david_lair_shrubbed, amcnicky_mini_pool_medium
D:11:     layout_stronghold, erik_orc_1, grunt_decor_one_mirror
Lair:1:   layout_chaotic_city, minivault_26, chequers_serial_rivers_micro_c,
          nicolae_quartered_pool_medium, st_stairs_8, uniq_erica, uniq_nergalle,
          uniq_grum
Orc:1:    layout_caves, uniq_urug
Orc:2:    grunt_orc_tribal_feast, layout_caves, enter_volcano_1, uniq_azrael

Skill      XL: |  1  2  3  4  5  6  7  8  9 10 11 |
---------------+----------------------------------+-----
Dodging        | 1 2 3 4 |  4.3
Axes           | 2 3 4 6 10 13 14 | 14.8
Armour         | 2 3 4 |  4.6
Invocations    | 3 4 5 6 |  6.7
Fighting       | 4 5 |  5.6

Action                   |  1- 3 |  4- 6 |  7- 9 | 10-12 || total
-------------------------+-------+-------+-------+-------++-------
Melee: Hand axe          |   114 |   161 |   497 |   151 ||   923
       Punch             |     3 |     1 |     9 |     7 ||    20
       Touch             |     9 |    39 |    97 |   128 ||   273
       War axe           |       |       |       |   367 ||   367
 Fire: Shortbow          |       |       |     2 |    11 ||    13
Throw: Dart              |       |     9 |    19 |     4 ||    32
       Boomerang         |       |       |     7 |       ||     7
       Stone             |       |       |     1 |       ||     1
Invok: Depart the Abyss  |     1 |       |       |       ||     1
       Corrupt           |       |       |       |     1 ||     1
Evoke: Wand              |       |       |     6 |     5 ||    11
  Use: Potion            |     2 |     3 |     5 |     5 ||    15
       Scroll            |       |     4 |     6 |    11 ||    21
 Stab: Sleeping          |     2 |       |       |       ||     2
       Invisible         |       |       |     1 |     5 ||     6
Armor: Leather armour    |    31 |     5 |       |       ||    36
       Ring mail         |       |    35 |   148 |       ||   183
       Chain mail        |       |       |    36 |   313 ||   349
Dodge: Dodged            |    85 |    67 |   245 |   182 ||   579
Block: Other             |       |    19 |   202 |   234 ||   455

Table legend: (Time is in decaauts)
 A = Elapsed time spent in this place.
 B = Non-inter-level travel time spent in this place.
 C = Inter-level travel time spent in this place.
 D = Time resting spent in this place.
 E = Time spent auto-exploring this place.
 F = Levels seen in this place.
 G = Mean time per level.
                   A        B        C        D        E       F      G
               +--------+--------+--------+--------+--------+-----+--------+
         Total |  16229 |  15841 |    388 |   4701 |   6576 |  16 | 1014.3 |
       Dungeon |  15009 |  14635 |    374 |   4418 |   6198 |  11 | 1364.5 |
          Lair |     50 |     50 |      0 |      2 |      0 |   1 |   50.0 |
  Orcish Mines |   1131 |   1118 |     13 |    281 |    347 |   2 |  565.5 |
         Abyss |     37 |     37 |      0 |      0 |     31 |   2 |   18.5 |
               +--------+--------+--------+--------+--------+-----+--------+

Top non-repeatable levels by time:
     D:4: 1848 daAuts
     D:8: 1801 daAuts
    D:11: 1772 daAuts
     D:5: 1682 daAuts
     D:3: 1594 daAuts
     D:9: 1497 daAuts
    D:10: 1443 daAuts
     D:2: 1041 daAuts
     D:7: 918 daAuts
   Orc:2: 802 daAuts
     D:1: 785 daAuts
     D:6: 625 daAuts
   Orc:1: 329 daAuts
  Lair:1: 50 daAuts
 Abyss:2: 34 daAuts
